General information
			
			
        
        - name: BNet
 
        - type: Ladder team game (AT/RT)
 
        - host: Battle.net
 
        - saver: Wutang.Clan.WOO
 
        
map: Cherryville 
        - players: 8
 
        - length: 15:49
 
        - speed: Fast
 - version: 1.22 W3XP
 - replay type:  Public
 
» download(143 KB)
Players
        team 1 (winner) 
              
              
beli (
pink | 94 APM | 1492 actions | 15:49)
              
 5 Tauren Chieftain 
 2 Shockwave
 3 Endurance Aura
 3 Pandaren Brewmaster 
 2 Breath of Fire
 1 Drunken Haze
 
                » actions 
                
                | Assign group hotkey | 63 |  | 
| Basic commands | 73 |  | 
| Build / train | 80 |  | 
| Enter build submenu | 12 |  | 
| Enter hero's abilities submenu | 8 |  | 
| Give item / drop item | 1 |  | 
| Right click | 478 |  | 
| Select / deselect | 497 |  | 
| Select group hotkey | 221 |  | 
| Use ability | 59 |  | 
                1492 total
 » units 
                
                | Peon | 21 |  | 
| Grunt | 11 |  | 
| Raider | 1 |  | 
| Wind Rider | 2 |  | 
                35 total
 » upgrades
                
                | Ensnare | 1 |  | 
| Pillage | 1 |  | 
| Envenomed Spears | 1 |  | 
| Reinforced Defenses | 1 |  | 
                4 total
 » buildings
                
                | Altar of Storms | 1 |  | 
| Orc Burrow | 3 |  | 
| Barracks | 1 |  | 
| Voodoo Lounge | 2 |  | 
| Great Hall | 3 |  | 
| Stronghold | 3 |  | 
| War Mill | 1 |  | 
| Beastiary | 2 |  | 
| Fortress | 2 |  | 
                18 total
 » build order
                00:11 Altar of Storms
00:23 Orc Burrow
00:36 Barracks
01:30 Orc Burrow
01:58 Voodoo Lounge
04:15 Great Hall
04:21 Stronghold
04:21 Stronghold
04:41 War Mill
05:46 Great Hall
06:07 Orc Burrow
08:02 Beastiary
08:03 Beastiary
10:03 Great Hall
12:14 Voodoo Lounge
12:36 Fortress
» items
                
                | Healing Salve | 3 |  | 
| Lesser Clarity Potion | 9 |  | 
| Potion of Healing | 2 |  | 
| Potion of Mana | 2 |  | 
| Scroll of Town Portal | 2 |  | 
| Scroll of Speed | 1 |  | 
                19 total
  
               
              
              
» 
BeliNoCawk (
teal | 125 APM | 1975 actions | 15:49)
              
 4 Priestess of the Moon 
 2 Searing Arrows
 2 Trueshot Aura
 
                » actions 
                
                | Assign group hotkey | 210 |  | 
| Basic commands | 64 |  | 
| Build / train | 32 |  | 
| Enter build submenu | 8 |  | 
| Enter hero's abilities submenu | 4 |  | 
| Right click | 1213 |  | 
| Select / deselect | 153 |  | 
| Select group hotkey | 245 |  | 
| Use ability | 46 |  | 
                1975 total
 » units 
                » buildings
                
                | Altar of Elders | 1 |  | 
| Moon Well | 4 |  | 
| Hunter's Hall | 1 |  | 
| Ancient of War | 2 |  | 
                8 total
 » build order
                00:11 Altar of Elders
00:20 Moon Well
01:32 Hunter's Hall
01:44 Ancient of War
02:22 Ancient of War
02:32 Moon Well
04:12 Moon Well
07:32 Moon Well
» items
                
                | Scroll of Town Portal | 1 |  | 
| Scroll of Healing | 4 |  | 
| Scroll of Protection | 3 |  | 
                8 total
  
               
              
              
King_FiX. (
red | 108 APM | 1706 actions | 15:49)
              
 5 Death Knight 
 3 Death Coil
 2 Unholy Aura
 2 Lich 
 1 Frost Nova
 1 Dark Ritual
 
                » actions 
                
                | Assign group hotkey | 122 |  | 
| Basic commands | 193 |  | 
| Build / train | 50 |  | 
| ESC pressed | 2 |  | 
| Enter build submenu | 20 |  | 
| Enter hero's abilities submenu | 7 |  | 
| Give item / drop item | 3 |  | 
| Right click | 501 |  | 
| Select / deselect | 264 |  | 
| Select group hotkey | 474 |  | 
| Use ability | 70 |  | 
                1706 total
 » units 
                
                | Acolyte | 2 |  | 
| Ghoul | 5 |  | 
| Crypt Fiend | 10 |  | 
| Goblin Shredder | 4 |  | 
| Frost Wyrm | 1 |  | 
                22 total
 » upgrades
                
                | Burrow | 1 |  | 
| Web | 1 |  | 
| Creature Attack | 1 |  | 
| Creature Carapace | 1 |  | 
                4 total
 » buildings
                
                | Graveyard | 1 |  | 
| Crypt | 1 |  | 
| Altar of Darkness | 1 |  | 
| Ziggurat | 9 |  | 
| Tomb of Relics | 1 |  | 
| Nerubian Tower | 1 |  | 
| Halls of the Dead | 1 |  | 
| Black Citadel | 1 |  | 
| Sacrificial Pit | 1 |  | 
| Boneyard | 6 |  | 
                23 total
 » build order
                00:22 Graveyard
00:24 Crypt
00:53 Altar of Darkness
01:12 Ziggurat
01:48 Tomb of Relics
02:15 Ziggurat
02:29 Nerubian Tower
03:57 Halls of the Dead
04:17 Ziggurat
05:01 Ziggurat
07:27 Black Citadel
07:42 Sacrificial Pit
08:28 Ziggurat
09:25 Ziggurat
09:35 Ziggurat
09:54 Ziggurat
11:37 Ziggurat
12:29 Boneyard
13:33 Boneyard
13:34 Boneyard
13:35 Boneyard
13:36 Boneyard
13:38 Boneyard
» items
                
                | Rod of Necromancy | 6 |  | 
| Scroll of Town Portal | 2 |  | 
| Orb of Corruption | 2 |  | 
                10 total
  
               
              
              
» 
Wutang.Clan.WOO (
blue | 110 APM | 1745 actions | 15:49)
              
 7 Shadow Hunter 
 3 Hex
 3 Healing Wave
 1 Big Bad Voodoo
 
                » actions 
                
                | Assign group hotkey | 17 |  | 
| Basic commands | 152 |  | 
| Build / train | 48 |  | 
| ESC pressed | 9 |  | 
| Enter build submenu | 13 |  | 
| Enter hero's abilities submenu | 9 |  | 
| Give item / drop item | 2 |  | 
| Right click | 680 |  | 
| Select / deselect | 408 |  | 
| Select group hotkey | 351 |  | 
| Use ability | 56 |  | 
                1745 total
 » units 
                » upgrades
                
                | Ranged Weapons | 3 |  | 
| Armor | 1 |  | 
| Envenomed Spears | 1 |  | 
                5 total
 » buildings
                
                | Altar of Storms | 1 |  | 
| Orc Burrow | 4 |  | 
| Barracks | 1 |  | 
| Voodoo Lounge | 1 |  | 
| War Mill | 1 |  | 
| Great Hall | 1 |  | 
| Stronghold | 1 |  | 
| Beastiary | 2 |  | 
| Fortress | 1 |  | 
                13 total
 » build order
                00:06 Altar of Storms
00:10 Orc Burrow
00:41 Barracks
01:32 Orc Burrow
01:53 Voodoo Lounge
02:30 War Mill
04:16 Great Hall
04:31 Stronghold
05:24 Orc Burrow
07:44 Beastiary
07:46 Beastiary
07:50 Orc Burrow
09:36 Fortress
» items
                
                | Healing Salve | 2 |  | 
| Lesser Clarity Potion | 2 |  | 
| Potion of Mana | 2 |  | 
| Scroll of Town Portal | 2 |  | 
                8 total
  
               team 2 (loser) 
              
              
» 
Da_Singin_Goat (
purple | 66 APM | 1039 actions | 15:47)
              
 3 Warden 
 2 Shadow Strike
 1 Blink
 
                » actions 
                
                | Assign group hotkey | 23 |  | 
| Basic commands | 12 |  | 
| Build / train | 61 |  | 
| Enter build submenu | 15 |  | 
| Enter hero's abilities submenu | 3 |  | 
| Right click | 574 |  | 
| Select / deselect | 235 |  | 
| Select group hotkey | 91 |  | 
| Use ability | 25 |  | 
                1039 total
 » units 
                
                | Wisp | 12 |  | 
| Archer | 3 |  | 
| Huntress | 5 |  | 
| Dryad | 13 |  | 
| Faerie Dragon | 3 |  | 
| Druid of the Talon | 7 |  | 
                43 total
 » upgrades
                
                | Moon Armor | 1 |  | 
| Strength of the Wild | 1 |  | 
| Reinforced Hides | 1 |  | 
| Abolish Magic | 1 |  | 
| Druid of the Talon Training | 2 |  | 
| Well Spring | 1 |  | 
                7 total
 » buildings
                
                | Altar of Elders | 1 |  | 
| Moon Well | 5 |  | 
| Ancient of War | 1 |  | 
| Hunter's Hall | 1 |  | 
| Ancient of Wonders | 1 |  | 
| Tree of Ages | 1 |  | 
| Ancient of Lore | 1 |  | 
| Ancient of Wind | 1 |  | 
| Tree of Eternity | 1 |  | 
| Tree of Life | 1 |  | 
                14 total
 » build order
                00:09 Altar of Elders
00:27 Moon Well
01:16 Ancient of War
01:28 Moon Well
02:20 Hunter's Hall
02:38 Moon Well
03:05 Ancient of Wonders
04:04 Tree of Ages
05:34 Moon Well
06:39 Ancient of Lore
07:36 Ancient of Wind
07:39 Tree of Eternity
07:44 Moon Well
12:53 Tree of Life
» items
                
                | Dust of Appearance | 1 |  | 
| Moonstone | 2 |  | 
| Orb of Venom | 1 |  | 
| Scroll of Town Portal | 1 |  | 
                5 total
  
               
              
              
INFERNOSTONE (
green | 46 APM | 717 actions | 15:44)
              
 2 Demon Hunter 
 1 Mana Burn
 1 Immolation
 1 Keeper of the Grove 
 1 Force of Nature
 
                » actions 
                
                | Assign group hotkey | 23 |  | 
| Build / train | 54 |  | 
| Enter build submenu | 17 |  | 
| Enter hero's abilities submenu | 3 |  | 
| Remove unit from queue | 3 |  | 
| Right click | 373 |  | 
| Select / deselect | 191 |  | 
| Select group hotkey | 14 |  | 
| Use ability | 39 |  | 
                717 total
 » units 
                
                | Wisp | 26 |  | 
| Archer | 15 |  | 
| Druid of the Claw | 1 |  | 
                42 total
 » upgrades
                
                | Druid of the Claw Training | 1 |  | 
                1 total
 » buildings
                
                | Altar of Elders | 1 |  | 
| Moon Well | 6 |  | 
| Ancient of War | 1 |  | 
| Tree of Ages | 1 |  | 
| Hunter's Hall | 1 |  | 
| Tree of Eternity | 1 |  | 
| Ancient of Lore | 6 |  | 
| Ancient Protector | 2 |  | 
                19 total
 » build order
                00:13 Altar of Elders
00:16 Moon Well
00:53 Ancient of War
01:38 Moon Well
02:12 Moon Well
03:34 Tree of Ages
06:41 Moon Well
06:49 Hunter's Hall
07:45 Tree of Eternity
07:53 Ancient of Lore
08:00 Ancient of Lore
09:17 Ancient of Lore
09:19 Ancient of Lore
10:01 Ancient Protector
10:06 Ancient Protector
13:51 Ancient of Lore
13:53 Ancient of Lore
14:00 Moon Well
14:39 Moon Well
» items
                 
               
              
              
Sniper[StP] (
orange | 33 APM | 517 actions | 15:48)
              
 2 Demon Hunter 
 1 Mana Burn
 1 Evasion
 
                » actions 
                
                | Build / train | 43 |  | 
| Enter build submenu | 11 |  | 
| Enter hero's abilities submenu | 2 |  | 
| Right click | 287 |  | 
| Select / deselect | 152 |  | 
| Use ability | 22 |  | 
                517 total
 » units 
                » upgrades
                
                | Strength of the Wild | 2 |  | 
| Reinforced Hides | 2 |  | 
| Ultravision | 1 |  | 
                5 total
 » buildings
                
                | Altar of Elders | 1 |  | 
| Moon Well | 6 |  | 
| Hunter's Hall | 1 |  | 
| Ancient of War | 1 |  | 
| Tree of Ages | 1 |  | 
| Tree of Eternity | 1 |  | 
| Ancient of Wind | 1 |  | 
| Chimaera Roost | 2 |  | 
                14 total
 » build order
                00:11 Altar of Elders
00:17 Moon Well
01:24 Hunter's Hall
02:01 Moon Well
02:16 Ancient of War
03:27 Tree of Ages
04:44 Moon Well
04:45 Moon Well
06:28 Tree of Eternity
06:36 Moon Well
07:32 Ancient of Wind
07:58 Moon Well
08:56 Chimaera Roost
08:57 Chimaera Roost
 
               
              
              
WoOdY3 (
yellow | 42 APM | 650 actions | 15:34)
              
 4 Shadow Hunter 
 2 Healing Wave
 1 Serpent Ward
 1 Hex
 
                » actions 
                
                | Build / train | 49 |  | 
| Enter build submenu | 15 |  | 
| Enter hero's abilities submenu | 4 |  | 
| Remove unit from queue | 6 |  | 
| Right click | 347 |  | 
| Select / deselect | 188 |  | 
| Use ability | 41 |  | 
                650 total
 » units 
                
                | Peon | 11 |  | 
| Grunt | 5 |  | 
| Troll Headhunter/Berserker | 4 |  | 
| Wind Rider | 1 |  | 
| Kodo Beast | 4 |  | 
| Tauren | 3 |  | 
| Shaman | 2 |  | 
                30 total
 » upgrades
                
                | Armor | 2 |  | 
| Melee Weapons | 1 |  | 
| Shaman Training | 2 |  | 
| War Drums Damage Increase | 1 |  | 
                6 total
 » buildings
                
                | Orc Burrow | 4 |  | 
| Altar of Storms | 1 |  | 
| Barracks | 1 |  | 
| War Mill | 1 |  | 
| Stronghold | 1 |  | 
| Great Hall | 2 |  | 
| Fortress | 1 |  | 
| Spirit Lodge | 1 |  | 
| Beastiary | 1 |  | 
| Tauren Totem | 1 |  | 
| Voodoo Lounge | 1 |  | 
                15 total
 » build order
                00:23 Orc Burrow
00:39 Altar of Storms
00:54 Barracks
01:40 Orc Burrow
02:18 War Mill
02:38 Orc Burrow
03:37 Stronghold
05:10 Great Hall
05:20 Great Hall
06:04 Fortress
06:10 Spirit Lodge
07:28 Beastiary
08:34 Tauren Totem
10:59 Orc Burrow
11:04 Voodoo Lounge
 
                Chat log
          (00:08 / Allies) beli: ME
(00:33 / Allies) King_FiX.: YOU GUYS MADE ME DITCH CORR
(00:37 / Allies) Wutang.Clan.WOO: we did?
(00:40 / Allies) King_FiX.: YES
(00:45 / Allies) King_FiX.: I HAD 3-0 WITH CORR
(00:52 / Allies) BeliNoCawk: are you proud
(00:55 / Allies) King_FiX.: YES
(01:52 / Allies) King_FiX.: UR HERO IS STUCK
(01:57 / Allies) Wutang.Clan.WOO: he rallied it
(02:11 / Allies) King_FiX.: UP UR ASS
(02:21 / Allies) King_FiX.: NO U
(02:27 / Allies) King_FiX.: U
(02:37 / Allies) King_FiX.: FUCKING IDIOT JAMEL
(02:49 / Allies) King_FiX.: HE PRO
(03:08 / All) Wutang.Clan.WOO: my sh is zul'kis
(03:16 / Allies) King_FiX.: JAMEL OWNED
(03:30 / Allies) King_FiX.: ITS NOT FAVOURITE
(03:42 / Allies) King_FiX.: ITS THE ONLY RACE
(03:44 / Allies) King_FiX.: THERE IS TO PIC
(04:41 / Allies) Wutang.Clan.WOO: lol
(04:43 / Allies) Wutang.Clan.WOO: lol
(04:44 / Allies) Wutang.Clan.WOO: lol
(04:45 / Allies) King_FiX.: WHO IS THIS PRO
(04:52 / Allies) Wutang.Clan.WOO: thought that was critter
(04:53 / Allies) Wutang.Clan.WOO: i hexed it
(04:58 / Allies) King_FiX.: GJ
(07:30 / All) Wutang.Clan.WOO: We got an afb
(07:31 / All) Wutang.Clan.WOO: on an mc killer
(07:35 / All) Wutang.Clan.WOO: looks like the work of a master
(08:09 / All) Wutang.Clan.WOO: no
(10:04 / All) Wutang.Clan.WOO: wu tang..
(10:05 / All) Wutang.Clan.WOO: wu tang..
(10:36 / All) BeliNoCawk: green=yane?
(11:01 / Allies) King_FiX.: UP YOURS DICK HEAD
(11:15 / Allies) King_FiX.: NO U
(11:29 / Allies) King_FiX.: 47-10 4S RT
(11:40 / Allies) King_FiX.: HI CORR
(12:21 / Allies) BeliNoCawk: nice spiders
(13:16 / All) Wutang.Clan.WOO: lvl6 zul kis
(13:17 / All) Wutang.Clan.WOO: thanks
(15:20 / All) Wutang.Clan.WOO: lol
(15:31 / All) King_FiX.: SNIPER
(15:48 / All) BeliNoCawk: blue go birds